Map: Korhal Carnage Knockout LE

Players

Miszu

  • Race: Terran Terran
  • League: Master

Taipan - Winner!

  • Race: Zerg Zerg
  • League: Diamond

VOD

Have the link to the VOD?

Description

Time

  • Played on: April 19, 2016, 11:31 a.m.
  • Length: 8:26
Show
View Real Time Build Order
Export as new Build Order

Miszu Terran 

Build Orders: Liberator Opening, Reaper Expand, MMM Bio 

Get SALT Encoding   

  12  0:00  SCV  
  13  0:13  SCV  
  14  0:17  Supply Depot  
  14  0:25  SCV  
  15  0:38  SCV  
  15  0:40  Barracks  
  16  0:43  Refinery  
  16  0:50  SCV  
  17  1:02  SCV  
  18  1:19  SCV  
  19  1:29  Reaper  
  19  1:31  Orbital Command  
  20  1:39  Command Center  
  20  1:50  Supply Depot  
  20  1:57  SCV  
  21  2:01  Marine  
  22  2:09  SCV  
  22  2:15  Factory  
  23  2:20  Refinery  
  23  2:21  Barracks Reactor, SCV  
  24  2:36  SCV  
  25  2:49  SCV  
  26  2:53  SCV  
  26  2:58  Marine x2  
  28  3:00  Starport, Factory Tech Lab  
  28  3:01  SCV  
  28  3:05  Orbital Command  
  29  3:13  SCV  
  29  3:16  Marine x2  
  32  3:21  Siege Tank  
  32  3:25  SCV  
  36  3:28  Supply Depot  
  36  3:30  SCV  
  36  3:31  Liberator  
  36  3:33  Marine  
  38  3:37  SCV  
  39  3:42  SCV  
  40  3:49  SCV  
  40  3:54  SCV  
  40  3:55  Command Center  
  45  4:01  SCV  
  46  4:06  SCV  
  46  4:09  Barracks  
  47  4:10  Barracks  
  47  4:13  SCV  
  48  4:18  SCV  
  48  4:19  Marine x2  
  48  4:20  Supply Depot  
  51  4:24  Liberator  
  51  4:25  SCV  
  51  4:28  Supply Depot  
  51  4:31  SCV  
  53  4:37  SCV  
  54  4:39  Supply Depot  
  54  4:41  Siege Tank  
  60  4:46  SCV  
  60  4:50  Refinery x2  
  61  4:53  Engineering Bay  
  61  4:55  SCV  
  61  4:56  Engineering Bay  
  61  4:58  SCV  
  61  4:59  Barracks Tech Lab  
  63  5:00  Marine, Barracks Tech Lab  
  65  5:07  SCV  
  65  5:11  SCV  
  66  5:19  Barracks x2, SCV  
  66  5:20  Orbital Command  
  67  5:22  Marine  
  67  5:23  SCV  
  67  5:25  Starport Reactor  
  67  5:26  Stimpack  
  69  5:31  SCV  
  69  5:35  SCV  
  71  5:36  Terran Infantry Armor Level 1  
  71  5:38  Marine x3  
  74  5:43  SCV  
  74  5:44  Supply Depot  
  74  5:45  Marine  
  74  5:47  SCV  
  77  5:50  SCV  
  77  5:53  Combat Shields  
  77  5:55  SCV  
  77  5:56  Marine x2  
  81  5:59  SCV  
  81  6:02  SCV  
  83  6:08  Barracks Reactor x2, Marine x2  
  83  6:11  SCV x2  
  86  6:12  Refinery  
  86  6:14  Supply Depot, SCV  
  88  6:20  Marine  
  88  6:21  Marine  
  88  6:23  SCV  
  88  6:24  SCV  
  92  6:26  Marine x2  
  94  6:38  Marine  
  94  6:39  Marine, Missile Turret  
  96  6:41  Missile Turret  
  96  6:43  SCV  
  96  6:44  Marine, Armory  
  96  6:45  SCV, Missile Turret  
  96  6:47  SCV  
  100  6:48  Marine x2  
  100  6:49  Marine x2  
  100  6:52  Marine  
  100  6:53  Medivac x2  
  106  6:55  SCV  
  106  6:57  SCV  
  106  6:59  Marine  
  109  7:14  Marine x3  
  109  7:19  Refinery  
  109  7:20  Supply Depot  
  109  7:22  Supply Depot  
  109  7:23  Barracks  
  109  7:24  Supply Depot, Barracks  
  109  7:25  Barracks  
  109  7:28  Supply Depot, Marine  
  109  7:29  Marine  
  109  7:30  Marine x2  
  109  7:33  Marine  
  109  7:36  Marine  
  109  7:38  Siege Tank  
  109  7:40  Marine x2  
  104  7:46  Marine  
  104  7:47  Marine  
  104  7:48  Marine x2  
  104  7:51  Marine  
  94  7:54  Marine  
  94  7:58  Marine x2  
  75  8:04  Marine  
  75  8:05  Marine  
  74  8:06  Marine x2  
Show
View Real Time Build Order
Export as new Build Order

Taipan Zerg - Winner!

Build Orders: Hatch First 

Get SALT Encoding   

  12  0:01  Drone  
  13  0:14  Overlord  
  13  0:17  Drone  
  14  0:33  Drone x2  
  16  0:37  Drone  
  17  0:52  Hatchery  
  17  0:55  Drone  
  17  1:00  Drone  
  18  1:11  Spawning Pool  
  17  1:15  Drone  
  18  1:35  Hatchery  
  18  1:36  Drone  
  18  1:40  Drone  
  18  1:44  Drone  
  20  1:52  Overlord  
  20  2:05  Queen  
  20  2:06  Zergling x2  
  20  2:07  Zergling x2  
  24  2:12  Queen  
  26  2:16  Drone  
  26  2:19  Drone  
  28  2:23  Drone  
  28  2:26  Drone  
  30  2:35  Drone  
  30  2:41  Drone  
  31  2:47  Drone  
  31  2:48  Queen  
  34  2:53  Drone x2  
  34  2:57  Overlord  
  36  2:59  Drone  
  36  3:00  Drone  
  38  3:10  Drone x2  
  39  3:14  Zergling x2  
  39  3:15  Overlord  
  39  3:17  Drone x2  
  39  3:19  Extractor x2  
  40  3:20  Drone x3  
  43  3:29  Drone x3  
  43  3:31  Drone x2  
  48  3:37  Drone  
  49  3:41  Drone x2  
  51  3:49  Overlord  
  51  3:50  Drone x3  
  51  3:55  Overlord x2  
  54  4:00  Overlord  
  54  4:05  Lair  
  54  4:09  Drone x3  
  57  4:10  Drone, Evolution Chamber  
  57  4:13  Evolution Chamber  
  57  4:14  Drone x4  
  60  4:21  Drone  
  60  4:22  Drone x4  
  65  4:25  Extractor  
  65  4:26  Extractor  
  65  4:30  Roach Warren, Drone x4  
  65  4:31  Drone  
  67  4:34  Drone x3  
  70  4:41  Zerg Missile Weapons Level 1, Extractor  
  69  4:48  Zerg Ground Armor Level 1  
  69  4:50  Drone  
  69  4:52  Drone  
  71  4:53  Overlord x3  
  71  5:00  Spore Crawler  
  68  5:09  Drone, Spore Crawler  
  68  5:10  Drone  
  68  5:11  Roach x6, Spore Crawler  
  80  5:19  Glial Reconstitution  
  82  5:21  Roach x2  
  84  5:28  Overlord  
  84  5:31  Roach x3  
  90  5:37  Overlord  
  90  5:38  Overlord  
  90  5:40  Roach  
  90  5:42  Roach  
  94  5:51  Drone x3  
  94  5:53  Roach x4  
  94  5:54  Overseer  
  104  6:05  Roach x6  
  109  6:28  Roach x9  
  109  6:29  Roach x2  
  109  6:31  Roach  
  109  6:32  Roach  
  128  6:40  Overlord x3  
  123  7:00  Roach x3  
  123  7:01  Ravager x5  
  132  7:08  Ravager x2  
  133  7:09  Ravager  
  134  7:17  Roach x2  
  134  7:20  Roach  
  140  7:23  Roach  
  142  7:30  Roach x4  
  138  7:44  Roach x6  
  138  7:50  Roach x3  
Tags
 
Add a new tag
Caveats
  • Supply blocks, unpowered buildings, or Contaminate may cause inaccurate times.
  • Supply counts are checked every 10 seconds.